 Dungeon Crawl Stone Soup version 0.20-a0-501-g0de2c2e (webtiles) character file.

58404 Duffy the Cleaver (level 14, -4/114 HPs)
             Began as a Demigod Fighter on Jan 19, 2017.
             Killed by divine providence
             ... invoked by an orc high priest
              (12 damage)
             ... on level 2 of the Orcish Mines.
             The game lasted 00:30:14 (22748 turns).

Duffy the Cleaver (Demigod Fighter)                Turns: 22748, Time: 00:30:15

Health: -4/114     AC: 26    Str: 27    XL:     14   Next: 14%
Magic:  17/17      EV:  8    Int: 12    God:
Gold:   1707       SH: 13    Dex: 15    Spells: 13/13 levels left

rFire    . . .     SeeInvis .   C - +2 broad axe (drain)
rCold    + . .     Gourm    .   n - +7 chain mail of Truth {rC+ Regen+ Stlth-}
rNeg     + . .     Faith    .   c - +0 shield
rPois    +         Spirit   .   (no helmet)
rElec    .         Reflect  .   x - +2 cloak {rPois}
rCorr    .         Harm     .   (no gloves)
MR       ++...                  E - +2 pair of boots
Stlth    ..........             L - amulet of regeneration
Regen    1.1/turn               l - ring of positive energy
                                R - ring of protection from magic

@: drained
A: high mp 1
a: no special abilities


You were on level 2 of the Orcish Mines.
You were not hungry.

You visited 3 branches of the dungeon, and saw 19 of its levels.
You also visited: Labyrinth.

You collected 1707 gold pieces.

Inventory:

Hand Weapons
 m - a +0 antimagic broad axe
 s - a +1 whip of electrocution
 C - a +2 broad axe of draining (weapon)
Missiles
 I - 2 throwing nets (quivered)
Armour
 c - a +0 shield (worn)
 n - the +7 chain mail of Truth (worn) {rC+ Regen+ Stlth-}
   (You found it on level 6 of the Dungeon)

   It protects you from cold.
   It increases your rate of regeneration.
   It makes you less stealthy.
 x - a +2 cloak of poison resistance (worn)
 E - a +2 pair of boots (worn)
Jewellery
 b - an uncursed ring of poison resistance
 l - a ring of positive energy (right hand)
 K - the amulet "Laadana" {Inacc +Blink rF+ Str+6 Dex-5}
   (You found it on level 11 of the Dungeon)

   [amulet of inaccuracy]

   It reduces the accuracy of all your attacks.
   It affects your strength (+6).
   It affects your dexterity (-5).
   It protects you from fire.
   It lets you blink.
 L - an amulet of regeneration (around neck)
 R - a ring of protection from magic (left hand)
Wands
 o - a wand of confusion (23/48)
 t - a wand of lightning (10/15)
 M - a wand of acid (0/15)
 S - a wand of digging (11/24)
 Z - a wand of digging (9/24)
Scrolls
 e - a scroll of recharging
 g - 3 scrolls of remove curse
 k - a scroll of enchant weapon
 p - 3 scrolls of enchant armour
 q - a scroll of blinking
 z - 2 scrolls of fear
 H - a scroll of holy word
 J - a scroll of teleportation
 O - a scroll of fog
 P - 2 scrolls of silence
 W - a scroll of magic mapping
Potions
 d - 2 potions of might
 h - a potion of invisibility
 j - a potion of heal wounds
 r - 2 potions of curing
 v - 5 potions of cancellation
 D - 3 potions of ambrosia
 F - a potion of magic {unknown}
 V - a potion of cure mutation
 X - a potion of resistance {unknown}
Comestibles
 f - 10 bread rations
 i - 3 meat rations
 w - a slice of pizza
 A - 7 beef jerkies
 B - 19 fruits


   Skills:
 - Level 7.8(7.6) Fighting
 + Level 14.5(14.3) Axes
 + Level 13.0(12.8) Armour
 + Level 11.5(11.3) Shields


You had 13 spell levels left.
You didn't know any spells.

Dungeon Overview and Level Annotations

Branches:
Dungeon (11/15)            Temple (0/1) D:4            Lair (6/6) D:10
 Shoals (0/4) Lair:4        Snake (0/4) Lair:2        Slime (0/5) Lair:5
    Orc (2/2) D:11
    Elf: Orc:2

Shops:
D:10 =

Annotations:
D:11 1 runed door
Lair:3 exclusion: 3 oklob plants
Lair:4 exclusion: 2 oklob plants
Lair:5 exclusion: upstairs
Orc:1 Rupert


Innate Abilities, Weirdness & Mutations

You have an increased reservoir of magic. (+10% MP)


Message History

You closely miss the soul eater. You hit the sun demon but do no damage.
The sun demon hits you but does no damage.
The orc priest looks braver for a moment.
The orc high priest completely misses you.
The soul eater barely misses you.
You slash the orc high priest!
The orc high priest is heavily wounded.
You closely miss the soul eater. You hit the sun demon.
The sun demon hits you but does no damage.
The soul eater hits you but does no damage.
The orc high priest prays to Beogh.
You completely miss the orc high priest.
The orc high priest is heavily wounded.
You hit the sun demon.
You hit the chaos spawn but do no damage.
You hit the soul eater but do no damage.
You block the sun demon's attack. The soul eater barely misses you.
The orc high priest invokes the aid of Beogh against you.
Beogh smites you!
You die...

................
....#.......... ...
.............## #...
##.............##....
##...................#
#.#.....))............
........)<))o..$......
.........){#o3o.......
.$.$.....ooo3@4.......
#.....).############
###....## ..#.#.o.##
......o.# .....o))#
.$#.....# . #....o#
#...#o.#


You could see a soul eater, an orc high priest, a sun demon, a chaos spawn, 2
orc warriors, 2 orc priests and an orc wizard.

Vanquished Creatures
  A minotaur (Lab)
  A catoblepas (Lair:6)
  6 hydras
  A centaur warrior (D:9)
  3 two-headed ogres
  5 death yaks (Lair:5)
  An unseen horror (D:11)
  An orc knight (Orc:2)
  An ugly thing (D:11)
  A deep elf mage (D:11)
  9 elephants
  A gargoyle (Lab)
  2 black mambas
  12 komodo dragons
  10 spiny frogs
  5 rime drakes
  4 trolls
  5 polar bears
  2 minotaur zombies (Lab)
  8 hornets
  26 blink frogs
  A slime creature (Lair:5)
  7 dream sheep (Lair:6)
  11 hippogriffs
  4 wyverns
  15 spriggans
  24 yaks
  6 basilisks
  Grum (D:9)
  2 nagas (Lair:2)
  2 wargs (Orc:1)
  A swamp drake (D:11)
  11 porcupines
  9 water moccasins
  11 orc warriors
  7 black bears
  4 ice beasts
  7 necrophages
  4 sky beasts
  A phantom (D:8)
  22 wolves
  8 ogres
  3 boggarts
  11 crocodiles
  5 centaurs
  13 bullfrogs
  2 wyvern skeletons
  A wyvern zombie (D:8)
  4 scorpions
  The ghost of Duffy the Chopper, a weakling DgFi (D:3)
  2 jellies (D:6)
  10 killer bees
  3 wights (D:8)
  2 howler monkeys
  2 crimson imps
  5 hounds
  A quasit (D:11)
  A bullfrog skeleton (D:11)
  A gnoll shaman (D:4)
  Ijyb (D:3)
  21 orc wizards
  2 centaur skeletons
  21 orc priests
  Crazy Yiuf (D:5)
  Jessica (D:2)
  5 iguanas
  Natasha (thrice) (D:3)
  5 worker ants
  A hound zombie (D:8)
  2 hound skeletons (D:4)
  A worker ant zombie (D:5)
  9 gnolls
  A howler monkey skeleton (D:5)
  14 adders
  4 shadow imps
  2 oozes (D:3)
  An adder skeleton (D:10)
  5 worms
  4 dart slugs
  5 leopard geckos
  70 orcs
  4 ball pythons
  9 bats
  5 giant cockroaches
  11 hobgoblins
  23 jackals
  3 kobolds
  2 quokkas (D:4)
  5 frilled lizards
  3 goblins
  A jackal zombie (D:6)
  11 rats
  10 fungi
  A plant (Lair:4)
597 creatures vanquished.

Vanquished Creatures (others)
  22 fungi
  3 plants
25 creatures vanquished.

Grand Total: 622 creatures vanquished

Notes
Turn   | Place    | Note
-------+----------+-------------------------------------------
     0 | D:1      | Duffy the Demigod Fighter began the quest for the Orb.
     0 | D:1      | Reached XP level 1. HP: 18/18 MP: 3/3
    40 | D:1      | Reached skill level 2 in Axes
   312 | D:1      | Reached XP level 2. HP: 25/25 MP: 4/4
   496 | D:2      | Found a hazy altar of Hepliaklqana.
   501 | D:2      | Found a shimmering altar of Xom.
   502 | D:2      | Noticed Jessica
   516 | D:2      | Killed Jessica
   516 | D:2      | Reached skill level 3 in Axes
   516 | D:2      | Reached XP level 3. HP: 7/30 MP: 5/5
   742 | D:2      | Found a shadowy altar of Dithmenos.
  1090 | D:2      | Reached skill level 4 in Axes
  1240 | D:2      | Reached XP level 4. HP: 36/37 MP: 6/6
  1955 | D:3      | Noticed Ijyb
  1964 | D:3      | Killed Ijyb
  2110 | D:3      | Found an iron altar of Okawaru.
  2127 | D:3      | Noticed Natasha
  2136 | D:3      | Killed Natasha
  2136 | D:3      | Reached skill level 5 in Axes
  2136 | D:3      | Reached XP level 5. HP: 32/42 MP: 7/7
  2259 | D:3      | Noticed Duffy's ghost (weakling DgFi)
  2494 | D:3      | Noticed Natasha
  2501 | D:3      | Killed Natasha
  2516 | D:4      | Found a staircase to the Ecumenical Temple.
  2895 | D:4      | Found a glowing golden altar of the Shining One.
  2909 | D:4      | Reached skill level 6 in Axes
  2909 | D:4      | Reached XP level 6. HP: 36/50 MP: 8/8
  3803 | D:4      | Found a white marble altar of Elyvilon.
  4329 | D:3      | Found a snail-covered altar of Cheibriados.
  4519 | D:3      | Killed Duffy's ghost
  4831 | D:3      | Found an iron altar of Okawaru.
  5087 | D:3      | Found a snail-covered altar of Cheibriados.
  5124 | D:3      | Noticed Natasha
  5127 | D:3      | Killed Natasha
  5127 | D:3      | Reached skill level 7 in Axes
  5164 | D:5      | Entered Level 5 of the Dungeon
  5217 | D:5      | Reached XP level 7. HP: 8/56 MP: 9/9
  5537 | D:5      | Reached skill level 8 in Axes
  6216 | D:5      | Reached skill level 9 in Axes
  6517 | D:5      | Found a runed door.
  6521 | D:5      | Noticed Crazy Yiuf
  6528 | D:5      | Killed Crazy Yiuf
  6745 | D:6      | Got a jewelled whip
  6772 | D:5      | Reached XP level 8. HP: 57/62 MP: 10/10
  6773 | D:5      | Identified the +1 whip of Facral {flame, rPois} (You found it on level 6 of the Dungeon)
  7599 | D:6      | Found a bloodstained altar of Trog.
  7599 | D:6      | Found a radiant altar of Vehumet.
  7606 | D:6      | Found a faded altar of an unknown god.
  7608 | D:6      | Found a burning altar of Makhleb.
  7610 | D:6      | Found a faded altar of an unknown god.
  7672 | D:6      | Reached skill level 10 in Axes
  7783 | D:6      | Found a blossoming altar of Fedhas.
  8121 | D:6      | Got a blackened chain mail
  8132 | D:6      | Identified the +7 chain mail of Truth {rC+ Regen+ Stlth-} (You found it on level 6 of the Dungeon)
  8493 | D:7      | Noticed a hornet
  8530 | D:7      | Killed a hornet
  9000 | D:7      | Reached XP level 9. HP: 72/72 MP: 11/11
  9003 | D:7      | Found a sparkling altar of Nemelex Xobeh.
  9108 | D:7      | Found a hide-covered altar of Uskayaw.
  9179 | D:7      | Reached skill level 5 in Fighting
  9424 | D:8      | Noticed a two-headed ogre
  9474 | D:8      | Noticed Grum
  9504 | D:9      | Reached skill level 5 in Armour
  9631 | D:9      | Killed Grum
  9677 | D:9      | Found an ancient bone altar of Kikubaaqudgha.
  9851 | D:9      | Noticed a centaur warrior
  9886 | D:9      | Killed a centaur warrior
 10160 | D:9      | Killed a two-headed ogre
 10160 | D:9      | Reached XP level 10. HP: 23/86 MP: 13/13
 11668 | D:10     | Entered Level 10 of the Dungeon
 11800 | D:10     | Found a staircase to the Lair.
 11907 | D:10     | Found Laippequ's Jewellery Shop.
 12136 | D:10     | Reached skill level 11 in Axes
 12549 | D:11     | Got a shimmering emerald amulet
 12550 | D:11     | Identified the amulet "Laadana" {Inacc +Blink rF+ Str+6 Dex-5} (You found it on level 11 of the Dungeon)
 12560 | D:11     | Noticed a two-headed ogre
 12570 | D:11     | Killed a two-headed ogre
 12570 | D:11     | Reached skill level 5 in Shields
 12570 | D:11     | Reached XP level 11. HP: 73/94 MP: 14/14
 12773 | D:11     | Found a staircase to the Orcish Mines.
 13013 | D:11     | Killed an unseen horror
 13050 | D:11     | Noticed a two-headed ogre
 13066 | D:11     | Killed a two-headed ogre
 13294 | D:11     | Found a runed door.
 13507 | Lair:1   | Entered Level 1 of the Lair of Beasts
 14483 | Lair:2   | Found a staircase to the Snake Pit.
 14867 | Lair:2   | Reached skill level 12 in Axes
 15177 | Lair:2   | Noticed a four-headed hydra
 15197 | Lair:2   | Killed a four-headed hydra
 15589 | Lair:2   | Reached skill level 10 in Armour
 15641 | Lair:3   | Found a labyrinth entrance.
 15651 | Lab      | Entered a labyrinth
 16622 | Lab      | Noticed a minotaur
 16628 | Lab      | Killed a minotaur
 16628 | Lab      | Reached XP level 12. HP: 81/101 MP: 15/15
 17688 | Lair:4   | Found an opulent altar of Gozag.
 17764 | Lair:4   | Found a staircase to the Shoals.
 18276 | Lair:5   | Noticed a seven-headed hydra
 18302 | Lair:5   | Killed a seven-headed hydra
 18302 | Lair:5   | Reached skill level 13 in Axes
 18595 | Lair:5   | Found a viscous altar of Jiyva.
 18595 | Lair:5   | Found a staircase to the Slime Pits.
 18762 | Lair:5   | Noticed a seven-headed hydra
 18789 | Lair:5   | Killed a seven-headed hydra
 18859 | Lair:5   | Noticed a six-headed hydra
 18874 | Lair:5   | Killed a six-headed hydra
 19377 | Lair:6   | Entered Level 6 of the Lair of Beasts
 19392 | Lair:6   | Reached XP level 13. HP: 97/107 MP: 16/16
 19738 | Lair:6   | Reached skill level 10 in Shields
 20241 | Lair:6   | Got a heavily runed chain mail
 20285 | Lair:5   | Identified the cursed +0 chain mail of Xom {MR+ Int+3} (You found it on level 6 of the Lair of Beasts)
 20415 | Lair:6   | Reached skill level 14 in Axes
 21554 | Lair:6   | Reached XP level 14. HP: 100/114 MP: 17/17
 22140 | Orc:1    | Entered Level 1 of the Orcish Mines
 22467 | Orc:2    | Entered Level 2 of the Orcish Mines
 22467 | Orc:2    | Noticed Rupert
 22531 | Orc:1    | Paralysed by Rupert for 4 turns
 22745 | Orc:2    | HP: 5/114 [sun demon[an orc high priest] (19)]
 22748 | Orc:2    | Killed from afar by an orc high priest

Vault maps used:
D:1:      minmay_arrival_checkered_box
D:2:      grunt_temple_overflow_open, supply_closet_lemuel, minmay_pentomino_w2,
          uniq_jessica
D:3:      lemuel_coloured_pillars_altar, first_bread, okawaru_trees_2,
          uniq_natasha, uniq_iyjb
D:4:      kennysheep_little_box, dk_noncrumbling_3, minmay_misc_feat_ornament,
          small_statue_intersection, nicolae_tso_swordbearing_angel
D:5:      uniq_crazy_yiuf_cottage
D:6:      nicolae_overflow_crystal_walls, chequers_temple_overflow_minitemple
D:7:      old_standard_altar, nemelex_xobeh_ov_fountains_minmay,
          kennysheep_generic_room_2
D:8:      uniq_grum
D:9:      lemuel_doored_altar
D:10:     due_lair_maze_entry_diamond, serial_shops, nicolae_shop_waterfront
D:11:     erik_orc_1, minivault_13
Lair:2:   guppyfry_snake_entry_island, roderic_carrion_pond
Lair:3:   lab_entry_generic, minmay_lair_oklob_chamber, grunt_megastairs_4,
          lemuel_fruit_tree, serial_bayou_shore_b, lemuel_fruit_fields
Lair:4:   dpeg_oklob_gauntlet, shoals_dummy_entry, basic_altar,
          kennysheep_catoblepas_arena
Lair:5:   statuecave_lemuel, dpeg_slime_entry_enclosed_altar,
          grunt_megastairs_2, serial_bayou_shore_b, infiniplex_staircase_pool_2
Lair:6:   minmay_lair_end_enchanted_forest
Orc:2:    st_orc_mages, special_room, uniq_rupert, uniq_snorg
Lab:      labyrinth_hidden_loot, lab_hedge, nicolae_lab_t_cross

Skill      XL: |  1  2  3  4  5  6  7  8  9 10 11 12 13 14 |
---------------+-------------------------------------------+-----
Axes           | 2 3 4 5 6 7 9 10 11 12 13 14 | 14.5
Fighting       | 4 7 |  7.8
Armour         | 4 7 8 10 11 12 13 | 13.0
Shields        | 5 7 9 11 | 11.5

Action                   |  1- 3 |  4- 6 |  7- 9 | 10-12 | 13-15 || total
-------------------------+-------+-------+-------+-------+-------++-------
Melee: War axe           |    77 |   271 |    90 |       |       ||   438
       Whip              |       |    14 |       |    41 |    11 ||    66
       Hand axe          |       |       |   412 |       |       ||   412
       Broad axe         |       |       |    40 |   921 |   711 ||  1672
Evoke: Wand              |       |       |       |     6 |     8 ||    14
  Use: Scroll            |       |     5 |     8 |    12 |     5 ||    30
       Potion            |       |     2 |       |       |     1 ||     3
 Stab: Invisible         |       |     3 |       |       |       ||     3
       Confused          |       |       |       |     1 |       ||     1
  Eat: Chunk             |     1 |    13 |    13 |    24 |     9 ||    60
       Pizza             |       |       |     2 |     1 |       ||     3
       Meat ration       |       |       |     1 |     1 |     1 ||     3
Armor: Scale mail        |    34 |   108 |    45 |       |       ||   187
       Chain mail        |       |       |   222 |   607 |   489 ||  1318
Dodge: Dodged            |    33 |    61 |   127 |   234 |   265 ||   720
Block: Shield            |    55 |   135 |   240 |   519 |   591 ||  1540
